 Dungeon Crawl Stone Soup version 0.23.2-33-g5129a83184 (webtiles) character file.

Game seed: 8733287124205987455

14 Folque the Conjurer (level 2, 0/22 HPs)
             Began as a Demigod Conjurer on July 12, 2019.
             Slain by a goblin (3 damage)
             ... on level 1 of the Dungeon.
             The game lasted 00:01:15 (519 turns).

Folque the Conjurer (Demigod Conjurer)               Turns: 519, Time: 00:01:16

Health: 0/22       AC:  2    Str: 11    XL:     2   Next: 18%
Magic:  5/7        EV: 12    Int: 19    God:
Gold:   27         SH:  0    Dex: 16    Spells: 4/5 levels left

rFire    . . .     SeeInvis +   j - -1 hand axe (curse)
rCold    . . .     Gourm    .   (no shield)
rNeg     . . .     Faith    .   a - +0 robe
rPois    .         Spirit   .   (no helmet)
rElec    .         Reflect  .   (no cloak)
rCorr    .         Harm     .   (no gloves)
MR       .....                  (no boots)
Stlth    ++........             (no amulet)
HPRegen  0.07/turn              e - ring of see invisible
MPRegen  0.10/turn              (no ring)

@: very slightly contaminated
A: high mp 1
a: no special abilities


You were on level 1 of the Dungeon.
You were not hungry.

You visited 1 branch of the dungeon, and saw 1 of its levels.

You collected 27 gold pieces.

Inventory:

Hand Weapons
 d - a +0 dagger
 j - a cursed -1 hand axe (weapon)
Armour
 a - a +0 robe (worn)
Jewellery
 e - a ring of see invisible (left hand)
 h - an uncursed ring of poison resistance {unknown}
Scrolls
 b - a scroll of random uselessness {unknown}
 g - a scroll of blinking
 i - a scroll of immolation {unknown}
 m - a scroll of amnesia {unknown}
Potions
 f - a potion of berserk rage
Comestibles
 c - a ration
 l - 2 chunks of flesh


   Skills:
 + Level 0.6 Fighting
 - Level 1.7 Dodging
 - Level 1.7 Stealth
 + Level 2.0 Spellcasting
 * Level 3.9 Conjurations


You had 4 spell levels left.
You knew the following spells:

 Your Spells              Type           Power        Failure   Level  Hunger
a - Magic Dart            Conj           ###.         3%          1    #......

Your spell library contained the following spells:

 Spells                   Type           Power        Failure   Level  Hunger
 Searing Ray              Conj           ###...       4%          2    ###....
 Dazzling Spray           Conj/Hex       #.....       22%         3    ###....
 Iskenderun's Mystic Bla  Conj           ###.....     32%         4    #####..
 Force Lance              Conj/Tloc      #.......     58%         4    #####..
 Fulminant Prism          Conj/Hex       #.........   58%         4    #####..


Dungeon Overview and Level Annotations

Branches:
Dungeon (1/15)


Innate Abilities, Weirdness & Mutations

You have an increased reservoir of magic. (+10% MP)


Message History

* * * LOW HITPOINT WARNING * * *
The bat hits you but does no damage. The bat barely misses you.
The bat closely misses you. The bat misses you.
Casting: Magic Dart (safe; 3% risk of failure)
Confirm with . or Enter, or press ? or * to list all spells.
Aiming: Magic Dart (safe; 3% risk of failure)
Press: ? - help, Shift-Dir - straight line, f - bat
Aim: a bat The magic dart hits the bat.
You kill the bat!
Casting: Magic Dart (safe; 3% risk of failure)
Confirm with . or Enter, or press ? or * to list all spells.
Aiming: Magic Dart (safe; 3% risk of failure)
Press: ? - help, Shift-Dir - straight line, f - goblin
Aim: a goblin The magic dart hits the goblin.
The goblin is heavily wounded.
The goblin hits you.
You die...

... ...........# #..#
####.###### #..⌠...⌠.####..#
...?......# #...###..#.....#
..........# #...#<#..#.##.##
?.........# #...#'#..#.#....
..........# #..⌠...⌠.#.#..##
..........# #........#.#[.#
..........####.......##.#..##
...........g@................
..........###########.#.#..##
.. ..........# #.#.#..#
..............# #.#.#..#
..............# #.#.#..#
..............# #####...#..#
..... ......... ........#..#
....########## ######..#..#
.......##### ##.#..#


You could see a goblin.

Vanquished Creatures
  A dart slug (D:1)
  A leopard gecko (D:1)
  2 bats (D:1)
  A giant cockroach (D:1)
  A goblin (D:1)
  A hobgoblin (D:1)
  2 kobolds (D:1)
  2 rats (D:1)
11 creatures vanquished.

Notes
Turn   | Place    | Note
-------+----------+-------------------------------------------
     0 | D:1      | Folque the Demigod Conjurer began the quest for the Orb.
     0 | D:1      | Reached XP level 1. HP: 14/14 MP: 5/5
   472 | D:1      | Reached XP level 2. HP: 9/22 MP: 7/7
   519 | D:1      | Slain by a goblin

Skill      XL: |  1 |
---------------+----+-----
Spellcasting   | 2 |  2.0
Fighting       | |  0.6
Dodging        | |  1.7
Stealth        | |  1.7
Conjurations   | |  3.9

Action                   || total
-------------------------++-------
Melee: Dagger            ||    23
       Hand axe          ||    15
 Cast: Magic Dart        ||     8
  Use: Scroll            ||     4
 Stab: Sleeping          ||     1
Armor: Robe              ||     5
Dodge: Dodged            ||    22
